 Dungeon Crawl Stone Soup version 0.23.2 (webtiles) character file.

Game seed: 4822516630153926703

217 Descartes the Shield-Bearer (level 6, -2/48 HPs)
             Began as a Formicid Fighter on Apr 5, 2019.
             Slain by a wraith (4 damage)
             ... created by the anger of Yredelemnul
             ... on level 3 of the Dungeon.
             The game lasted 00:07:42 (2687 turns).

Descartes the Shield-Bearer (Formicid Fighter)      Turns: 2687, Time: 00:07:43

Health: -2/48      AC:  9    Str: 20    XL:     6   Next: 16%
Magic:  6/6        EV:  6    Int:  8    God:
Gold:   83         SH: 10    Dex: 12    Spells: 5/5 levels left

rFire    . . .     SeeInvis +   a - +0 war axe
rCold    + + .     Gourm    .   c - +0 shield
rNeg     . . .     Faith    .   p - +0 chain mail {rF+}
rPois    .         Spirit   .   (helmet unavailable)
rElec    .         Reflect  .   (no cloak)
rCorr    .         Harm     .   (no gloves)
MR       .....                  (no boots)
Stlth    ..........             (no amulet)
HPRegen  0.16/turn              n - ring of protection from cold
MPRegen  0.10/turn              r - ring of ice

@: no status effects
A: permanent stasis, dig shafts and tunnels, four strong arms, antennae 3
a: Dig, Shaft Self


You were on level 3 of the Dungeon.
You were not hungry.

You visited 1 branch of the dungeon, and saw 3 of its levels.

You collected 83 gold pieces.

Inventory:

Hand Weapons
 a - a +0 war axe (weapon)
Missiles
 j - a throwing net
 s - 2 tomahawks (quivered)
Armour
 c - a +0 shield (worn)
 p - a +0 chain mail of fire resistance (worn)
Jewellery
 n - a ring of protection from cold (left hand)
 r - a ring of ice (right hand)
Wands
 k - a wand of random effects (20)
Scrolls
 g - 3 scrolls of identify {unknown}
 i - a scroll of fear {unknown}
 l - 2 scrolls of random uselessness {unknown}
 m - a scroll of enchant weapon {unknown}
 o - a scroll of enchant armour {unknown}
 q - a scroll of immolation {unknown}
Potions
 b - 3 potions of berserk rage {unknown}
 d - a potion of might
 e - 3 potions of heal wounds {unknown}
 h - a potion of cancellation {unknown}
 u - a potion of lignification {unknown}
Comestibles
 f - 7 rations


   Skills:
 + Level 4.0 Fighting
 * Level 3.5 Axes
 * Level 4.4 Armour
 + Level 1.3 Dodging
 * Level 4.8 Shields


You had 5 spell levels left.
You didn't know any spells.
Your spell library was empty.

Dungeon Overview and Level Annotations

Branches:
Dungeon (3/15)

Altars:
Ru
Yredelemnul


Innate Abilities, Weirdness & Mutations

You cannot be hasted, slowed, berserked, paralysed or teleported.
You can dig through walls and to a lower floor.
Your four strong arms can wield two-handed weapons with a shield.
You have a pair of large antennae on your head. (SInv)


Message History

The wraith hits you but does no damage. x2
All of the chunks of flesh in your inventory have rotted away.
You barely miss the wraith.
The wraith is heavily damaged.
The wraith hits you! The wraith drains your vigour!
Your stasis prevents you from being slowed.
You slash the wraith!
The wraith is severely damaged.
You block the wraith's attack. The wraith hits you!
* * * LOW HITPOINT WARNING * * *
Your chain mail prevents you from hitting the wraith.
The wraith is severely damaged.
The wraith hits you!
* * * LOW HITPOINT WARNING * * *
The wraith drains your vigour!
Your stasis prevents you from being slowed.
You closely miss the wraith.
The wraith is severely damaged.
The wraith hits you.
You die...

........+.........'..........#.#
##....###.........##.....<...#.#
##.#.# ##.......###.........#.#
###.# ##.....## #.........#.#
#.# ##...## #...........# #.#
#####+######.###########
.........##.# #####.#.###.##.#
#.......ZW@..#.#
#.###....##..#.# #........#.#
##.###....###.#.#
..........###.#.#
..####.#.......# #.#####.###
#.#####.# #.......#


You could see a wraith and a bullfrog zombie.

Vanquished Creatures
  A phantom (D:3)
  A bullfrog zombie (D:3)
  Terence (D:2)
  4 adders
  An ooze (D:1)
  3 worms
  3 orcs (D:3)
  2 bats (D:1)
  4 giant cockroaches
  5 goblins (D:1)
  9 hobgoblins
  4 jackals
  2 quokkas
  5 frilled lizards
  6 kobolds
  3 rats
54 creatures vanquished.

Notes
Turn   | Place    | Note
-------+----------+-------------------------------------------
     0 | D:1      | Descartes the Formicid Fighter began the quest for the Orb.
     0 | D:1      | Reached XP level 1. HP: 18/18 MP: 1/1
    89 | D:1      | Reached XP level 2. HP: 24/24 MP: 2/2
   376 | D:1      | Reached XP level 3. HP: 28/29 MP: 3/3
   877 | D:2      | Noticed Terence
   899 | D:2      | Killed Terence
   899 | D:2      | Reached XP level 4. HP: 29/37 MP: 4/4
  1239 | D:2      | Found a faded altar of an unknown god.
  1653 | D:2      | Became a worshipper of Yredelemnul the Dark
  1653 | D:2      | Reached * piety under Yredelemnul
  1654 | D:2      | Fell from the grace of Yredelemnul
  1691 | D:3      | Reached XP level 5. HP: 38/42 MP: 5/5
  1762 | D:3      | Found a sacrificial altar of Ru.
  1917 | D:3      | Noticed a phantom
  1920 | D:3      | Reached skill level 1 in Dodging
  1999 | D:3      | Killed a phantom
  1999 | D:3      | Reached XP level 6. HP: 17/48 MP: 6/6
  2670 | D:3      | Noticed a wraith
  2686 | D:3      | HP: 2/48 [wraith[the anger of Yredelemnul] (10)]
  2687 | D:3      | Slain by a wraith

Skill      XL: |  1  2  3  4  5  6 |
---------------+-------------------+-----
Shields        | 4 |  4.8
Axes           | 3 |  3.5
Armour         | 4 |  4.4
Dodging        | 1 |  1.3
Fighting       | 4 |  4.0

Action                   |  1- 3 |  4- 6 || total
-------------------------+-------+-------++-------
Melee: War axe           |   100 |   167 ||   267
Invok: Renounce Religion |       |     1 ||     1
 Abil: Dig               |     2 |       ||     2
  Eat: Chunk             |       |     6 ||     6
Armor: Scale mail        |    27 |       ||    27
       Chain mail        |    17 |    88 ||   105
Dodge: Dodged            |    33 |    33 ||    66
Block: Shield            |    42 |    91 ||   133
